 Dungeon Crawl Stone Soup version 0.29-a0-233-g1125b37a9b (webtiles) character file.

Game seed: 14118851011785221737

333 bande the Covered (level 6, -10/38 HPs)
             Began as a Gargoyle Fighter on Mar 2, 2022.
             Mangled by Pikel
             ... wielding a +0 whip of flaming
              (11 damage)
             ... on level 3 of the Dungeon.
             The game lasted 00:06:52 (4020 turns).

bande the Covered (Gargoyle Fighter)                Turns: 4020, Time: 00:06:53

Health: -10/38     AC: 15    Str: 19    XL:     6   Next: 52%
Magic:  6/6        EV:  7    Int:  9    God:
Gold:   136        SH:  4    Dex: 11    Spells: 5/5 levels left

rFire   . . .      SeeInvis .   a - +0 war axe (freeze)
rCold   . . .      Faith    .   c - +0 buckler
rNeg    + . .      Spirit   .   n - +0 chain mail
rPois   ∞          Reflect  .   l - +0 hat {Stlth+}
rElec   +          Harm     .   (no cloak)
rCorr   .          Rampage  .   h - +0 pair of gloves
Will    .....                   (no boots)
Stlth   ..........              (no amulet)
HPRegen 0.12/turn               (no ring)
MPRegen 0.10/turn               (no ring)

@: no status effects
A: sickness immunity, AC +4, negative energy resistance 1, electricity
resistance, torment resistance 1, petrification resistance
a: no special abilities


You were on level 3 of the Dungeon.
You visited 1 branch of the dungeon, and saw 4 of its levels.

You collected 136 gold pieces.

Inventory:

Hand Weapons
 a - a +0 war axe of freezing (weapon)
Armour
 c - a +0 buckler (worn)
 h - a +0 pair of gloves (worn)
 l - a +0 hat of stealth (worn)
 n - a +0 chain mail (worn)
Wands
 g - a wand of digging (1)
Scrolls
 m - 2 scrolls of teleportation
Potions
 d - a potion of might
 e - 2 potions of ambrosia
 f - 2 potions of lignification {unknown}
 i - 3 potions of haste {unknown}
 j - a potion of curing {unknown}
 k - a potion of mutation {unknown}
 o - a potion of flight {unknown}


   Skills:
 + Level 4.1 Fighting
 + Level 4.2 Axes
 + Level 4.5 Armour
 + Level 3.9 Shields
 * Level 1.8 Evocations


You had 5 spell levels left.
You didn't know any spells.
Your spell library contained the following spells:

 Spells                   Type           Power      Damage    Failure   Level
 Animate Skeleton         Necr           0%         N/A       99%         1
 Apportation              Tloc           0%         N/A       99%         1
 Sting                    Tmut/Pois      0%         1d3       99%         1
 Summon Small Mammal      Summ           0%         N/A       99%         1
 Poisonous Vapours        Pois/Air       0%         N/A       100%        2
 Olgreb's Toxic Radiance  Pois           0%         N/A       100%        4
 Iskenderun's Battlesphe  Conj           0%         2d6       100%        5
 Iron Shot                Conj/Erth      0%         9d1       100%        6
 Spellforged Servitor     Conj/Summ      0%         N/A       100%        7


Dungeon Overview and Level Annotations

Branches:
Dungeon (4/15)
 Temple: D:4-7

Altars:
Fedhas
Vehumet
Xom

Annotations:
D:3 Pikel


Innate Abilities, Weirdness & Mutations

You are immune to sickness and miasma.
Your stone body is resilient. (AC +4)
You are immune to poison.
You resist negative energy. (rN+)
You are resistant to electric shocks. (rElec)
You are resistant to unholy torment.
You are immune to petrification.


Message History

Pikel barely misses you.
Unknown command.
You hit Pikel but do no damage. You closely miss the lemure.
Pikel hits you but does no damage. The lemure hits you but does no damage.
Pikel hits you with a +0 whip of flaming.
Pikel burns you. The lemure hits you but does no damage.
You hit Pikel. You freeze Pikel.
Pikel is lightly wounded.
You slash the lemure! You freeze the lemure. Pikel hits you but does no damage.
You block the lemure's attack.
Pikel hits you with a +0 whip of flaming.
Pikel burns you.
You barely miss Pikel.
Pikel is lightly wounded.
You closely miss the lemure.
Pikel hits you with a +0 whip of flaming.
Pikel burns you. The lemure hits you but does no damage.
Pikel barely misses you.
You barely miss Pikel.
Pikel is lightly wounded.
You barely miss the lemure. Pikel hits you but does no damage.
The lemure hits you but does no damage. You block Pikel's attack.
The lemure barely misses you.
You barely miss Pikel.
Pikel is lightly wounded.
You hit the lemure. You freeze the lemure.
Pikel hits you with a +0 whip of flaming.
* * * LOW HITPOINT WARNING * * *
Pikel burns you.
* * * LOW HITPOINT WARNING * * *
The lemure hits you but does no damage.
Pikel hits you with a +0 whip of flaming.
* * * LOW HITPOINT WARNING * * *
Pikel burns you.
* * * LOW HITPOINT WARNING * * *
You barely miss Pikel.
Pikel is lightly wounded.
You miss the lemure. Pikel barely misses you. The lemure completely misses you.
Pikel hits you with a +0 whip of flaming!
You die...

########
#.#
.......#
#.#
######.#
#.# #.#
#.# #.#
#.#
######.###
#.#
......)..#
#.#
######.#.#
#.# ###
#.#<#
#.###@##
####.#.#
#.5gK#5#
#....#.#
#####.##
#.####.#
#.#
#.##...#
#.#
###.##.###
#.#
.......#
#.#
##.....#
#.#
.......#
#.#


You could see Pikel (berserk), 2 lemures and a hobgoblin.

Vanquished Creatures
  Grinder (D:3)
  A lemure (D:3)
  An orc wizard (D:3)
  4 adders
  A worm (D:3)
  2 dart slugs
  7 orcs
  3 endoplasms
  5 giant cockroaches
  5 hobgoblins
  A jackal (D:1)
  3 quokkas
  5 ball pythons
  7 bats
  4 frilled lizards
  6 goblins
  5 kobolds
  6 rats
67 creatures vanquished.

Notes
Turn   | Place    | Note
-------+----------+-------------------------------------------
     0 | D:1      | bande the Gargoyle Fighter began the quest for the Orb.
     0 | D:1      | Reached XP level 1. HP: 14/14 MP: 1/1
   613 | D:1      | Reached XP level 2. HP: 18/19 MP: 2/2
  1856 | D:2      | Reached XP level 3. HP: 23/23 MP: 3/3
  2203 | D:2      | Found a faded altar of an unknown god.
  2768 | D:3      | Reached XP level 4. HP: 12/29 MP: 4/4
  3154 | D:3      | Noticed Grinder
  3163 | D:3      | Killed Grinder
  3164 | D:3      | Reached skill level 1 in Evocations
  3164 | D:3      | Reached XP level 5. HP: 33/33 MP: 5/5
  3164 | D:3      | Reached XP level 6. HP: 38/38 MP: 6/6
  3630 | D:3      | Found a radiant altar of Vehumet.
  3634 | D:3      | Found a blossoming altar of Fedhas.
  3639 | D:3      | Found a shimmering altar of Xom.
  3866 | D:4      | Noticed Pikel
  4019 | D:3      | HP: 1/38 [Pikel/+0 whip of flaming (1)]
  4020 | D:3      | Mangled by Pikel

Illustrated notes

Levels and vault maps discovered:
D:1:      dpeg_arrival_brainrot, layout_basic
D:2:      layout_basic, hellmonk_ecumenical_altar_run_dry
D:3:      layout_loops_ring, grunt_temple_overflow_diamond,
          minmay_pentomino_pile, uniq_grinder
D:4:      layout_cave_pods, minmay_misc_feat_diagonals, wad_orctagon,
          uniq_crazy_yiuf_cottage, uniq_ijyb, uniq_pikel

Skill      XL: |  1  2  3  4 |
---------------+-------------+-----
Axes           | 2 4 |  4.2
Armour         | 4 |  4.5
Fighting       | 4 |  4.1
Evocations     | 1 |  1.8
Shields        | |  3.9

Action                   |  1- 3 |  4- 6 || total
-------------------------+-------+-------++-------
Melee: War axe           |   125 |   107 ||   232
  Use: Scroll            |     7 |     2 ||     9
Armor: Scale mail        |    77 |    35 ||   112
       Chain mail        |       |    48 ||    48
Dodge: Dodged            |    61 |    52 ||   113
Block: Buckler           |    28 |    20 ||    48

Table legend: (Time is in decaauts)
 A = Elapsed time spent in this place.
 B = Non-inter-level travel time spent in this place.
 C = Inter-level travel time spent in this place.
 D = Time resting spent in this place.
 E = Time spent auto-exploring this place.
 F = Levels seen in this place.
 G = Mean time per level.
                   A        B        C        D        E       F      G
               +--------+--------+--------+--------+--------+-----+--------+
         Total |   4115 |   4068 |     47 |    894 |   2394 |   4 | 1028.8 |
       Dungeon |   4115 |   4068 |     47 |    894 |   2394 |   4 | 1028.8 |
               +--------+--------+--------+--------+--------+-----+--------+

Top non-repeatable levels by time:
     D:1: 1859 daAuts
     D:3: 1231 daAuts
     D:2: 1019 daAuts
     D:4: 6 daAuts
